Map: Oxide LE

Players

cure - Winner!

  • Race: Terran Terran
  • Spawn Location: 7:00

HeroMarine

  • Race: Terran Terran
  • Spawn Location: 1:00

Event: StayAtHome Story Cup #3

VOD

Have the link to the VOD?

Description

Time

  • Played on: March 13, 2021, 2:14 p.m.
  • Length: 18:19

All games in this series

Show
View Real Time Build Order
Export as new Build Order

cure Terran - Winner!

Build Orders:  

Get SALT Encoding   

  12  0:00  SCV  
  13  0:12  SCV  
  14  0:18  Supply Depot  
  14  0:25  SCV  
  15  0:40  SCV, Barracks  
  16  0:46  Refinery  
  16  0:52  SCV  
  16  0:56  Refinery  
  18  1:04  SCV  
  18  1:16  SCV  
  19  1:29  Orbital Command  
  19  1:35  Factory  
  19  1:44  Barracks Tech Lab  
  19  1:52  Supply Depot  
  19  1:55  SCV  
  20  2:03  Marauder, Concussive Shells  
  20  2:07  SCV  
  23  2:19  Hellion  
  23  2:20  Supply Depot  
  25  2:24  SCV, Marauder  
  28  2:36  SCV  
  27  2:46  Marauder  
  27  2:48  SCV  
  30  2:53  Factory Tech Lab  
  28  3:01  SCV  
  29  3:08  Command Center  
  31  3:14  SCV  
  31  3:18  Cyclone  
  33  3:25  Starport  
  33  3:29  SCV  
  33  3:34  Supply Depot  
  32  3:38  Barracks  
  32  3:41  SCV  
  33  3:50  Cyclone  
  33  3:53  SCV  
  37  4:01  Starport Tech Lab  
  37  4:05  Refinery, SCV  
  38  4:17  SCV  
  38  4:20  Cloaking Field  
  38  4:21  Banshee  
  38  4:22  Orbital Command  
  42  4:26  Barracks Reactor  
  42  4:29  SCV  
  43  4:33  Cyclone  
  46  4:41  SCV  
  47  4:47  Supply Depot  
  47  4:49  SCV  
  48  4:53  SCV  
  49  5:01  SCV  
  49  5:03  Banshee  
  49  5:04  Marine x2  
  49  5:05  Siege Tank  
  49  5:06  SCV  
  57  5:12  Supply Depot  
  57  5:13  SCV  
  58  5:22  SCV, Command Center  
  58  5:24  Marine  
  58  5:25  Marine  
  61  5:29  SCV  
  61  5:31  Supply Depot  
  61  5:34  SCV  
  63  5:38  Siege Tank  
  63  5:41  SCV  
  63  5:42  Refinery  
  67  5:44  Marine x2  
  67  5:46  SCV, Raven  
  72  5:52  Supply Depot  
  72  5:53  SCV  
  73  5:58  SCV  
  73  6:02  Marine x2  
  73  6:04  Barracks  
  76  6:06  Barracks  
  76  6:08  SCV  
  76  6:10  SCV  
  78  6:13  Siege Tank  
  81  6:20  SCV  
  81  6:22  SCV  
  79  6:33  SCV  
  79  6:34  SCV  
  81  6:41  Engineering Bay, Marine, Viking x2  
  81  6:42  Engineering Bay  
  81  6:45  SCV  
  81  6:46  SCV  
  88  6:53  Siege Tank  
  86  6:57  SCV  
  86  6:59  SCV  
  86  7:00  Barracks Reactor x2, Marine, Stimpack  
  89  7:11  SCV x2  
  91  7:16  Medivac  
  91  7:17  Marine, Medivac  
  96  7:26  Siege Tank  
  96  7:27  SCV x2  
  98  7:35  Marine  
  99  7:39  SCV x2  
  99  7:40  Marine x2  
  99  7:41  Marine x2  
  99  7:43  Terran Infantry Armor Level 1, Terran Infantry Weapons Level 1  
  102  7:52  Viking x2  
  102  7:53  Barracks, Marine  
  102  7:54  Barracks  
  102  7:55  Orbital Command, SCV x2  
  109  8:05  Marine x4  
  109  8:09  Supply Depot  
  109  8:12  Supply Depot  
  111  8:13  SCV x2  
  111  8:15  Siege Tank  
  115  8:21  SCV  
  115  8:25  SCV  
  117  8:27  Sensor Tower  
  117  8:30  SCV  
  112  8:34  Supply Depot  
  112  8:36  Marine x5  
  112  8:39  SCV  
  112  8:40  SCV  
  118  8:42  SCV  
  118  8:45  Combat Shield  
  118  8:46  Barracks Reactor  
  118  8:47  Barracks Reactor  
  119  8:49  Supply Depot  
  119  8:50  Refinery, Supply Depot  
  119  8:52  SCV  
  119  8:53  Medivac  
  122  8:57  SCV x2  
  122  8:59  Marine x3  
  127  9:03  Refinery  
  127  9:04  SCV  
  127  9:12  Armory  
  127  9:14  Supply Depot  
  124  9:19  Marine x5  
  124  9:24  Siege Tank  
  132  9:25  Marine x4  
  136  9:35  Supply Depot  
  136  9:36  Marine x2  
  136  9:37  Marine x2, Supply Depot  
  136  9:38  Viking x2  
  142  9:49  Marine x5  
  147  9:54  Marine x4  
  147  9:59  Terran Infantry Armor Level 2, Terran Infantry Weapons Level 2  
  151  10:09  Marine x5  
  151  10:11  Medivac  
  151  10:12  Marine x3  
  161  10:18  Medivac  
  161  10:19  Siege Tank  
  166  10:24  Terran Vehicle Weapons Level 1  
  166  10:28  Marine x4, Supply Depot  
  166  10:30  Supply Depot  
  170  10:48  Marine x6  
  172  10:50  Viking x2  
  172  10:54  Siege Tank  
  172  10:55  Factory  
  179  11:02  Marine x2  
  179  11:04  Barracks Reactor  
  181  11:05  Marine x2  
  181  11:06  Marine x2  
  185  11:15  Marine x2, Command Center  
  187  11:19  Marine x2  
  187  11:23  Marine x4  
  193  11:28  Siege Tank  
  196  11:39  Viking  
  166  11:52  Marine x6  
  168  11:58  Siege Tank  
  168  12:00  Siege Tank  
  172  12:04  Marine x4  
  172  12:06  Medivac  
  166  12:09  Marine, Medivac  
  166  12:10  Marine x5  
  173  12:22  Marine x4  
  177  12:27  Marine x2  
  173  12:31  Marine x2  
  173  12:32  Marine x2  
  173  12:36  SCV x3  
  180  12:39  Marine x4  
  180  12:40  Siege Tank x2  
  190  12:44  Medivac x2  
  190  12:45  Marine x2  
  190  12:49  Marine x2  
  196  12:53  Marine x2  
  196  12:57  Marine x2  
  200  13:01  Marine x2  
  200  13:03  Marine x2  
  188  13:12  Marine x4, Siege Tank  
  176  13:13  Planetary Fortress  
  176  13:15  Marine x2  
  178  13:24  Marine x4  
  182  13:29  Marine x2  
  182  13:30  Siege Tank  
  183  13:35  Marine x4  
  149  13:42  Marine  
  149  13:44  Marine x3  
  149  13:47  Marine x2, Viking  
  155  13:53  Marine  
  155  13:54  Siege Tank  
  155  13:55  Marine x2  
  161  13:58  Terran Infantry Weapons Level 3  
  161  14:04  Terran Infantry Armor Level 3  
  161  14:16  Siege Tank  
  158  14:17  Marine x6  
  164  14:26  Marine x4, Siege Tank  
  169  14:35  Marine  
  160  14:48  Siege Tank  
  157  14:53  Viking x2  
  157  14:58  Siege Tank  
  160  15:03  Marine x2  
  160  15:04  Marine x6  
  160  15:10  Marine x2  
  154  15:20  Siege Tank  
  156  15:21  Marine x4  
  156  15:23  Viking x2  
  156  15:24  Marine x2  
  156  15:25  Marine x2  
  158  15:28  Marine x2  
  158  15:33  Siege Tank  
  163  15:39  Marine x4  
  163  15:42  Marine x4  
  164  15:47  Marine x2  
  170  15:53  Medivac x2  
  171  15:57  Marine x4, Siege Tank  
  171  16:00  Marine x3  
  181  16:05  Siege Tank  
  167  16:12  Marine x3  
  167  16:15  Marine  
  166  16:22  Marine x6  
  166  16:23  Viking x2  
  176  16:30  Marine x3, Siege Tank  
  174  16:34  Marine  
  174  16:37  Siege Tank  
  174  16:39  Marine x2  
  176  16:40  Marine x4  
  180  16:47  Marine x2  
  180  16:48  Marine  
  180  16:52  Marine  
  184  16:57  Marine  
  172  17:02  Marine x4, Siege Tank  
  172  17:03  Liberator  
  172  17:06  Marine x4  
  172  17:09  Siege Tank  
  172  17:10  Marine  
  172  17:15  Marine  
  131  17:20  Marine x4  
  138  17:23  Liberator  
  138  17:24  Marine x2  
  138  17:28  Marine x3  
  144  17:33  Marine  
  144  17:34  Siege Tank  
  145  17:38  Marine x4  
  145  17:41  Marine  
  145  17:42  Siege Tank  
  149  17:54  Marine x2  
  149  17:58  Marine x4  
  154  18:00  Marine x2  
  154  18:01  Marine x2  
Show
View Real Time Build Order
Export as new Build Order

HeroMarine Terran 

Build Orders:  

Get SALT Encoding   

  12  0:00  SCV  
  13  0:12  SCV  
  14  0:17  Supply Depot  
  14  0:24  SCV  
  15  0:38  SCV  
  15  0:39  Barracks  
  15  0:42  Refinery  
  16  0:51  SCV  
  16  0:52  Refinery  
  17  1:03  SCV  
  18  1:15  SCV  
  19  1:26  Reaper  
  19  1:27  Orbital Command  
  19  1:28  Supply Depot  
  20  1:42  Factory  
  20  1:53  SCV  
  21  1:58  Reaper  
  22  2:05  SCV  
  23  2:17  SCV  
  23  2:21  Command Center  
  24  2:26  Hellion  
  24  2:29  SCV  
  27  2:32  Marine  
  28  2:41  SCV  
  29  2:51  Widow Mine  
  30  2:52  Marine  
  31  3:03  Supply Depot  
  32  3:05  SCV  
  32  3:12  Factory Tech Lab  
  30  3:17  SCV  
  30  3:18  Marine  
  32  3:25  Starport  
  32  3:29  SCV  
  32  3:32  Cyclone  
  36  3:36  Marine  
  37  3:46  Orbital Command  
  37  3:49  SCV  
  38  3:56  Barracks Reactor  
  38  4:01  SCV  
  39  4:04  Orbital Command  
  39  4:08  Starport Tech Lab  
  39  4:09  Cyclone  
  42  4:15  SCV  
  43  4:26  Refinery  
  43  4:27  SCV  
  43  4:28  Banshee  
  43  4:30  SCV  
  48  4:32  Marine  
  48  4:33  Marine  
  50  4:39  SCV, Supply Depot  
  50  4:42  SCV  
  50  4:43  Siege Tank  
  55  4:50  Marine x2  
  55  4:51  SCV  
  58  4:54  SCV  
  59  5:03  SCV  
  59  5:06  SCV  
  61  5:08  Marine x2  
  61  5:09  Supply Depot  
  63  5:15  SCV, Siege Tank  
  63  5:18  SCV  
  66  5:24  Raven  
  66  5:26  Marine x2  
  70  5:28  Supply Depot  
  70  5:31  SCV x2  
  72  5:40  Command Center  
  72  5:43  SCV  
  72  5:44  Marine x2  
  72  5:47  Siege Tank  
  78  5:50  SCV  
  78  5:55  SCV  
  80  6:01  Refinery, Barracks x2  
  80  6:03  SCV, Supply Depot  
  81  6:07  SCV  
  82  6:15  SCV  
  83  6:19  SCV  
  83  6:20  Viking  
  83  6:24  Viking  
  85  6:27  SCV  
  85  6:30  Engineering Bay  
  85  6:31  SCV, Marine, Engineering Bay  
  88  6:39  SCV  
  89  6:43  SCV  
  90  6:48  Stimpack  
  90  6:50  Barracks Reactor, Viking  
  90  6:51  Barracks Reactor  
  90  6:53  SCV  
  94  6:54  Viking  
  94  6:55  Marine  
  94  6:59  Orbital Command, SCV  
  97  7:05  Siege Tank  
  100  7:09  SCV  
  100  7:11  SCV  
  98  7:18  Terran Infantry Armor Level 1, Missile Turret  
  98  7:20  Terran Infantry Weapons Level 1, Viking  
  98  7:21  SCV  
  97  7:24  SCV  
  94  7:30  Viking  
  94  7:33  SCV x2  
  94  7:36  SCV  
  97  7:41  Siege Tank  
  100  7:45  SCV  
  100  7:48  SCV  
  100  7:49  Orbital Command  
  100  7:50  Marine x4  
  106  7:52  Marine  
  106  7:57  SCV  
  108  8:00  SCV  
  109  8:13  SCV, Marine  
  109  8:28  Combat Shield  
  109  8:47  Marine, Medivac x2, Siege Tank  
  109  8:48  Supply Depot x2  
  117  8:49  Refinery x2  
  117  8:53  Sensor Tower  
  117  8:56  Barracks  
  117  8:59  Barracks  
  117  9:09  SCV x3, Marine x5  
  119  9:17  Medivac x2  
  119  9:21  SCV x3  
  119  9:23  Siege Tank  
  129  9:26  Supply Depot  
  129  9:27  Marine x4  
  129  9:30  Supply Depot  
  133  9:32  Marine  
  133  9:33  SCV x3  
  137  9:44  Marine x3  
  137  9:45  Marine  
  141  9:48  Medivac  
  141  9:49  Barracks Reactor x2  
  141  9:50  Marine  
  141  9:52  Supply Depot  
  144  9:54  Armory, Medivac  
  144  9:55  Siege Tank  
  149  10:02  Marine x3  
  152  10:10  Marine x2  
  154  10:20  Marine x2  
  159  10:25  Command Center  
  159  10:27  Marine  
  159  10:28  Factory, Marine x3  
  162  10:29  Marine x2  
  162  10:30  Siege Tank  
  162  10:35  Barracks Reactor  
  165  10:38  Supply Depot  
  165  10:41  Marine x2  
  167  10:47  Marine x2, Viking x2  
  173  10:51  Terran Vehicle Weapons Level 1  
  173  10:53  Terran Infantry Weapons Level 2, Supply Depot  
  173  10:55  Supply Depot  
  167  11:04  Siege Tank  
  170  11:12  Marine x3  
  170  11:13  Siege Tank  
  170  11:16  Marine x3  
  179  11:19  Medivac  
  179  11:20  Medivac  
  181  11:36  Siege Tank  
  183  11:40  Marine  
  183  11:41  Marine x2  
  183  11:42  Marine x3  
  183  11:45  Siege Tank  
  181  11:48  Marine  
  181  11:49  Marine x2, Medivac  
  181  11:50  Marine  
  176  11:57  Viking  
  176  11:58  Marine x2  
  176  11:59  Marine  
  176  12:00  Marine x3  
  169  12:06  Marine x2  
  166  12:09  Siege Tank  
  166  12:11  SCV  
  166  12:12  SCV x2  
  169  12:17  Siege Tank  
  169  12:18  Marine x2  
  169  12:19  Marine x2, Viking  
  175  12:26  Marine  
  175  12:27  Marine  
  174  12:31  Marine x2  
  174  12:34  Marine x2  
  174  12:36  Marine  
  179  12:40  Marine x2  
  179  12:41  Siege Tank  
  182  12:49  Siege Tank  
  181  13:00  Marine  
  181  13:04  Marine x2, Medivac x2  
  181  13:05  Marine  
  163  13:07  Marine x2  
  163  13:08  Marine  
  152  13:13  Siege Tank  
  152  13:14  Marine x2  
  152  13:15  Marine  
  152  13:17  Orbital Command  
  152  13:18  Marine  
  159  13:22  Marine, Siege Tank  
  159  13:27  Marine x2  
  163  13:28  Marine x3  
  163  13:32  Marine  
  163  13:33  Marine x2  
  169  13:36  Marine  
  169  13:40  Marine  
  151  13:44  Marine  
  151  13:45  Marine, Siege Tank  
  151  13:46  Marine x3  
  154  13:50  Marine x2  
  154  13:51  Marine  
  154  13:54  Marine, Siege Tank  
  161  13:58  Marine  
  161  14:02  Marine x2  
  162  14:03  Marine  
  162  14:12  Viking  
  162  14:13  Marine x2, Viking  
  162  14:14  Marine  
  169  14:17  Marine x2, Siege Tank  
  169  14:20  Marine x2  
  176  14:26  Siege Tank  
  176  14:30  Marine x3  
  176  14:31  Marine x2  
  180  14:33  Marine  
  183  14:44  Terran Infantry Armor Level 2  
  183  14:45  Marine  
  177  14:47  Marine x2  
  177  14:49  Siege Tank  
  177  14:50  Marine  
  177  14:52  Marine  
  174  14:58  Siege Tank  
  174  14:59  Marine x2  
  174  15:08  Marine x2  
  171  15:15  Marine x4  
  171  15:16  Marine  
  171  15:18  Marine x2  
  177  15:21  Siege Tank  
  177  15:30  Siege Tank  
  177  15:33  Marine x2  
  180  15:37  Marine x2  
  179  15:45  Marine x2  
  181  15:53  Siege Tank  
  181  15:54  Viking x2  
  185  16:02  Siege Tank  
  188  16:07  Marine x2  
  188  16:09  Marine  
  167  16:17  Marine x2  
  167  16:18  Marine x2  
  171  16:21  Marine  
  171  16:22  Marine x2  
  171  16:25  Marine, Siege Tank  
  175  16:32  Marine x2  
  170  16:34  Siege Tank  
  170  16:35  Marine x3  
  170  16:36  Marine  
  176  16:42  Medivac  
  176  16:43  Marine x2, Medivac  
  176  16:44  Marine x2  
  179  16:50  Marine x2  
  179  16:53  Marine x4  
  185  16:57  Siege Tank  
  182  17:01  Marine x2  
  182  17:07  Marine  
  164  17:11  Marine x2  
  164  17:12  Marine  
  151  17:16  Orbital Command  
  151  17:20  Siege Tank  
  151  17:21  Marine  
  155  17:26  Medivac  
  152  17:38  Siege Tank  
  152  17:40  Marine x3  
  152  17:43  Viking  
  156  17:58  Marine x2  
  156  17:59  Marine x3  
  156  18:00  Marine x2  
Tags
 
Add a new tag
Caveats
  • Supply blocks, unpowered buildings, or Contaminate may cause inaccurate times.
  • Supply counts are checked every 10 seconds.